 Dungeon Crawl Stone Soup version 0.30-a0-1035-g38d5fb2972 (webtiles) character file.

Game seed: 11587994820931741907

192 cheesebisquit the Covered (level 5, -13/48 HPs)
             Began as an Armataur Fighter on Apr 8, 2023.
             Killed by divine providence
             ... invoked by an orc priest
              (14 damage)
             ... on level 3 of the Dungeon.
             The game lasted 00:06:53 (2172 turns).

cheesebisquit the Covered (Armataur Fighter)        Turns: 2172, Time: 00:06:53

Health: -13/48     AC: 11    Str: 23    XL:     5   Next: 42%
Magic:  14/14      EV:  7    Int:  9    God:
Gold:   99         SH:  4    Dex:  9    Spells: 4/4 levels left

rFire   . . .      SeeInvis .    a - +0 flail
rCold   . . .      Faith    .    c - +0 buckler
rNeg    . . .      Spirit   .    b - +0 scale mail
rPois   .          Reflect  .    k - +0 hat
rElec   .          Roll     +    (no cloak)
rCorr   .                        (no gloves)
Will    .....                    (no barding) Stlth
                                 (no amulet)
HPRegen 0.28/turn                i - +4 ring of protection
MPRegen 0.14/turn                p - ring of magical power

@: mighty
A: large, rugged brown scales 3, deformed body, armoured tail, roll, long
tongue, awkward tongue
a: no special abilities


You were on level 3 of the Dungeon.
You visited 1 branch of the dungeon, and saw 3 of its levels.

You collected 99 gold pieces.

Inventory:

Hand Weapons
 a - a +0 flail (weapon)
Armour
 b - a +0 scale mail (worn)
 c - a +0 buckler (worn)
 k - a +0 hat (worn)
Jewellery
 i - a +4 ring of protection (left hand)
 p - a ring of magical power (right hand)
Wands
 n - a wand of mindburst (7) (quivered)
Scrolls
 d - a scroll of enchant weapon {unknown}
 f - a scroll of teleportation {unknown}
 l - 2 scrolls of magic mapping {unknown}
 m - 2 scrolls of identify {unknown}
Potions
 e - a potion of curing
 g - 2 potions of attraction {unknown}
 h - 2 potions of heal wounds {unknown}
 j - 2 potions of flight {unknown}
 q - a potion of haste {unknown}


   Skills:
 + Level 3.6 Fighting
 + Level 3.0 Maces & Flails
 + Level 4.9 Armour
 + Level 4.4 Shields


You had 4 spell levels left.
You didn't know any spells.
Your spell library contained the following spells:

 Spells                   Type           Power      Damage    Failure   Level
 Sting                    Tmut/Pois      0%         1d3       77%         1
 Poisonous Vapours        Pois/Air       0%         N/A       88%         2
 Olgreb's Toxic Radiance  Pois           0%         N/A       100%        4


Dungeon Overview and Level Annotations

Branches:
Dungeon (3/15)

Altars:
Vehumet


Innate Abilities, Weirdness & Mutations

You are completely covered in rugged brown scales. (AC +3, +7% HP)
Armour fits poorly on your strangely shaped body.
You have a long armoured tail.
You roll when moving toward enemies. (Rampage)
Your long tongue fully drains potion bottles. (2x potion effects)
Your tongue gives you trouble enunciating. (1.5x scroll delay)


Message History

* * * LOW HITPOINT WARNING * * *
The orc hits you but does no damage.
You feel very mighty all of a sudden.
You slurp down every last drop of the potion of might!
The endoplasm jiggles.
The jelly hits you but does no damage. The orc closely misses you.
The orc priest mumbles some strange prayers to Beogh against you.
Pain shoots through your body!
* * * LOW HITPOINT WARNING * * *
The orc hits you with a +0 dagger.
* * * LOW HITPOINT WARNING * * *
You closely miss the orc priest.
The orc priest is heavily wounded.
The jelly hits you but does no damage. You block the orc's attack.
The orc hits you with a +0 flail.
* * * LOW HITPOINT WARNING * * *
The orc priest miscasts a cantrip.
You block the orc priest's attack. The jelly hits you but does no damage.
The orc barely misses you. The orc hits you with a +0 dagger.
* * * LOW HITPOINT WARNING * * *
The orc priest hits you but does no damage.
The jelly attacks as you move away! The jelly barely misses you.
You closely miss the orc priest.
The orc priest is heavily wounded.
You block the jelly's attack. The orc hits you with a +0 flail.
* * * LOW HITPOINT WARNING * * *
You block the orc priest's attack. The orc attacks as you move away!
The orc closely misses you.
You closely miss the orc priest.
The orc priest is heavily wounded.
The jelly hits you but does no damage. The orc hits you with a +0 flail.
* * * LOW HITPOINT WARNING * * *
You block the orc priest's attack. The jelly attacks as you move away!
The jelly hits you but does no damage.
The orc shouts!
The orc priest attacks as you move away!
The orc priest hits you but does no damage.
The orc priest invokes the aid of Beogh against you.
Beogh smites you!
You die...

......o.#(....#...###.##
... #..o.o..o..........#).#
#...o..<............)###.?.
#o##..........##...........
#.##.#.....##..)........ #.
#......##...#..#..... ..
###.......J......#... ...
.$.....oJoo......# ..
....####..#..@........... .
#......##......$........
#............####....##..
#.##.........###........#
##..........#.........#
#...[.......#.#.......#
#.(...........#.......
#...................
#..>.........##..#


You could see a jelly, an orc priest, 3 orcs and an endoplasm.

Vanquished Creatures
  An orc priest (D:3)
  4 adders
  3 gnolls (D:2)
  2 worms
  2 dart slugs (D:1)
  12 orcs (D:3)
  3 bats (D:1)
  9 endoplasms
  2 giant cockroaches (D:1)
  2 goblins (D:1)
  6 hobgoblins
  6 jackals
  A quokka (D:1)
  4 ball pythons
  5 frilled lizards
  8 kobolds
  5 rats
75 creatures vanquished.

Notes
Turn   | Place    | Note
-------+----------+-------------------------------------------
     0 | D:1      | cheesebisquit the Armataur Fighter began the quest for the
                  | Orb.
     0 | D:1      | Reached XP level 1. HP: 19/19 MP: 1/1
    85 | D:1      | Reached XP level 2. HP: 25/26 MP: 2/2
   520 | D:1      | Reached XP level 3. HP: 33/33 MP: 3/3
  1140 | D:2      | Reached XP level 4. HP: 19/40 MP: 4/4
  1158 | D:2      | Found a radiant altar of Vehumet.
  1964 | D:3      | Reached XP level 5. HP: 25/48 MP: 5/5
  1970 | D:3      | HP: 1/48 [orc/+0 hand axe (3)]
  2168 | D:3      | HP: 1/48 [orc/+0 flail (4)]
  2172 | D:3      | Killed from afar by an orc priest

Illustrated notes

Levels and vault maps discovered:
D:1:      minmay_arrival_arboretum_small, layout_basic
D:2:      layout_basic, basic_altar
D:3:      layout_rooms

Skill      XL: |  1  2  3  4  5 |
---------------+----------------+-----
Maces & Flails | 2 3 |  3.0
Armour         | 4 |  4.9
Fighting       | 3 |  3.6
Shields        | 4 |  4.4

Action                     |  1- 3 |  4- 6 || total
---------------------------+-------+-------++-------
  Melee: Flail             |    97 |   107 ||   204
         Tailslap          |    10 |     5 ||    15
    Use: Potion            |       |     5 ||     5
 Armour: Scale mail        |    75 |   109 ||   184
  Dodge: Dodged            |    30 |    56 ||    86
  Block: Buckler           |    23 |    37 ||    60

Table legend: (Time is in decaauts)
 A = Elapsed time spent in this place.
 B = Non-inter-level travel time spent in this place.
 C = Inter-level travel time spent in this place.
 D = Time resting spent in this place.
 E = Time spent auto-exploring this place.
 F = Levels seen in this place.
 G = Mean time per level.
                   A        B        C        D        E       F      G
               +--------+--------+--------+--------+--------+-----+--------+
         Total |   2237 |   2012 |    225 |     53 |   1483 |   3 |  745.7 |
       Dungeon |   2237 |   2012 |    225 |     53 |   1483 |   3 |  745.7 |
               +--------+--------+--------+--------+--------+-----+--------+

Top non-repeatable levels by time:
     D:1: 1112 daAuts
     D:2: 869 daAuts
     D:3: 255 daAuts
